AoeStats
← cmd

Arabia

507539623Analyzed
3v3 RM · 13d ago on Sep 18, 2026· 74m 24s· 6 players
Game mode
Random Map
Map size
Normal (6 player)
Population
200
Speed
Normal
Resources
Standard
Victory
Conquest
Starting age
Dark Age
Ending age
Imperial Age
RankedLock teamsTeams togetherTeam positionsShared explorationLock speedFull tech treeHidden civsTurbo modeCheats
Victory
Defeat
🇩🇪 Mongols · Germany
1027
+14
🇩🇪 Ethiopians · Germany
1006
+15
🇩🇪 Franks · Germany
900
+18
🇵🇪 Khmer · Peru
1033
-18
🇵🇪 Turks · Peru
1000
-17
887
-12
Mister Carlitos
6:19 Loom
9:31 Feudal Age
17:32 Scale Barding Armor
17:39 Forging
18:46 Bloodlines
19:01 Double-Bit Axe
23:35 Castle Age
24:26 Thumb Ring
26:40 Chain Barding Armor
26:23 Husbandry
27:14 Wheelbarrow
26:46 Fletching
27:00 Gold Mining
28:09 Padded Archer Armor
30:54 Bodkin Arrow
33:18 Leather Archer Armor
34:09 Gold Shaft Mining
39:49 Imperial Age
39:06 Stone Mining
41:42 Conscription
42:01 Plate Barding Armor
44:12 Bow Saw
45:30 Parthian Tactics
45:33 Bracer
46:19 Ring Archer Armor
46:10 Crossbowman
48:52 Two-Man Saw
49:28 Heavy Cavalry Archer
55:58 Sipahi
dfsevillanom
8:57 Loom
10:43 Feudal Age
14:06 Castle Age
12:55 Double-Bit Axe
18:04 Bow Saw
24:43 Bloodlines
26:32 Husbandry
28:17 Scale Barding Armor
29:21 Pikeman
30:59 Wheelbarrow
32:29 Horse Collar
35:33 Chain Barding Armor
39:16 Imperial Age
37:54 Forging
41:34 Conscription
42:29 Scale Mail Armor
43:04 Plate Barding Armor
43:05 Iron Casting
42:42 Halberdier
44:24 Heavy Scorpion
45:33 Chain Mail Armor
45:44 Ballistics
45:32 Siege Engineers
46:41 Elite Battle Elephant
50:58 Tusk Swords
50:40 Light Cavalry
53:48 Blast Furnace
60:49 Hussar
βαsιλeúς Dαvid
14:07 Feudal Age
12:24 Loom
15:21 Double-Bit Axe
20:37 Wheelbarrow
20:55 Gold Mining
20:56 Stone Mining
22:07 Horse Collar
26:39 Scale Mail Armor
26:50 Forging
30:39 Castle Age
30:54 Padded Archer Armor
30:44 Pikeman
30:49 Elite Skirmisher
32:53 Squires
32:38 Arson
33:12 Chain Mail Armor
34:55 Heavy Plow
40:44 Hand Cart
40:47 Bow Saw
41:52 Iron Casting
41:11 Fletching
45:37 Leather Archer Armor
46:17 Gold Shaft Mining
52:37 Iron Casting
54:42 Imperial Age
54:55 Halberdier
56:59 Conscription
57:03 Ballistics
60:18 Stone Shaft Mining
67:35 Ring Archer Armor
71:45 Plate Mail Armor
71:38 Thumb Ring
helo
5:18 Loom
7:28 Loom
9:51 Feudal Age
11:23 Double-Bit Axe
13:05 Horse Collar
19:32 Fletching
22:37 Castle Age
20:57 Scale Mail Armor
21:03 Padded Archer Armor
23:31 Castle Age
24:48 Thumb Ring
24:04 Crossbowman
25:47 Wheelbarrow
25:49 Bodkin Arrow
26:25 Scale Mail Armor
30:14 Leather Archer Armor
33:30 Chain Mail Armor
34:25 Bow Saw
34:45 Gold Mining
40:47 Imperial Age
39:14 Squires
39:29 Forging
43:56 Imperial Age
44:32 Hand Cart
44:38 Bracer
44:03 Arbalester
46:28 Chemistry
45:51 Ballistics
45:21 Heated Shot
46:31 Chemistry
46:27 Town Watch
54:13 Murder Holes
59:03 Town Patrol
59:37 Ring Archer Armor
59:38 Plate Mail Armor
63:19 Conscription
64:42 Two-Man Saw
64:27 Masonry
cmd
11:24 Loom
13:09 Feudal Age
18:00 Castle Age
16:38 Double-Bit Axe
19:23 Scale Barding Armor
19:43 Bow Saw
19:46 Gold Mining
25:26 Chain Barding Armor
26:15 Husbandry
30:55 Gold Shaft Mining
30:45 #83
35:05 Forging
38:10 Pikeman
38:51 Squires
39:39 Wheelbarrow
41:34 Imperial Age
41:44 Halberdier
44:03 Wheelbarrow
43:41 Cavalier
45:18 Plate Barding Armor
45:19 Iron Casting
44:48 Scale Mail Armor
45:36 Paladin
47:13 Elite Throwing Axeman
68:47 Stone Mining
71:28 Chemistry
70:48 Ballistics
70:34 Siege Engineers
noname
12:10 Feudal Age
10:28 Loom
12:13 Feudal Age
16:24 Castle Age
14:50 Horse Collar
15:06 Double-Bit Axe
17:15 Bloodlines
22:45 Pikeman
31:19 Bow Saw
31:43 Heavy Plow
33:02 Wheelbarrow
32:36 Town Watch
35:27 Hand Cart
35:07 Gold Mining
35:07 Stone Mining
41:27 Murder Holes
43:53 Masonry
46:13 Fervor
52:07 Squires
55:09 Imperial Age
52:42 Town Patrol
52:48 Scale Mail Armor
52:59 Forging
52:39 Fletching
52:54 Scale Barding Armor
52:50 Padded Archer Armor
54:05 Ballistics
55:08 Chain Mail Armor
55:28 Iron Casting
54:49 Bodkin Arrow
55:14 Chain Barding Armor
55:09 Leather Archer Armor
56:09 Siege Engineers
57:33 Husbandry
57:29 Heavy Scorpion
60:05 Gold Shaft Mining
60:05 Stone Shaft Mining
64:24 Blast Furnace
63:24 Bracer
63:39 Leather Archer Armor
63:18 Elite Steppe Lancer
65:13 Chemistry
66:28 Caravan
69:20 Leather Archer Armor
70:12 Drill
70:31 Hoardings
Connection lost

Rejoining the realm…

Still unreachable

The connection could not be restored.

Session expired

The server has moved on; the page needs a fresh start.